[Event "Monday Night Swiss 13Rd 5m+1s Starts at 2240hrs"]
[Site "Infinity Chess"]
[Date "2018.1.30"]
[Round "12"]
[White "ocirema"]
[Black "RonWeasley"]
[Result "1/2-1/2"]
[ECO "C08"]
[WhiteElo "2496"]
[BlackElo "2526"]
[WhiteEngine "stockfish_18012814_x64_modern_CTG"]
[BlackEngine "BrainFish 060118_CTG"]
[EventType "Swiss"]
[WhiteTeam ""]
[BlackTeam ""]
[PlyCount "122"]
[TimeControl "300+1"]

1. e4 e6 2. d4 d5 3. Nd2 c5 4. exd5 exd5 5. Ngf3 Nf6 6. Bb5+ Bd7 7. Bxd7+ Nbxd7 
8. O-O Be7 9. dxc5 Nxc5 10. Nb3 Nce4 11. h3 O-O 12. Be3 Re8 13. c3 Bd6 
14. Nc1 Qc7 15. Re1 Re7 16. Nd3 Rae8 17. Qc2 a6 18. Rad1 Qd7 19. Bd4 Qc7 
20. Qb3 Qd7 21. Bxf6 Nxf6 22. Rxe7 Qxe7 23. Re1 Qd7 24. Rxe8+ Nxe8 25. Qb6 h5 
26. h4 Nf6 27. g3 Ng4 28. a4 Qe7 29. Kg2 Qe2 30. Qd4 Qe4 31. b3 Nf6 32. Nc5 Qe7 
33. b4 Bxc5 34. bxc5 Qd7 35. Qe5 Ne4 36. Qxh5 Nxc5 37. Ng5 Qf5 38. a5 Ne4 
39. Qe2 Kf8 40. Qb2 Nxg5 41. hxg5 Qe4+ 42. Kh2 Qe7 43. Kg2 Qe4+ 44. Kh2 Qe7 
45. f3 g6 46. f4 Qc5 47. Qxb7 Qf2+ 48. Kh3 Qf1+ 49. Kh2 Qf2+ 50. Kh3 Qf1+ 
51. Kh2 Qe2+ 52. Kg1 Qe1+ 53. Kh2 Qe2+ 54. Kg1 Qd1+ 55. Kf2 Qd2+ 56. Kf1 Qd3+ 
57. Kf2 Qc2+ 58. Kg1 Qd1+ 59. Kf2 Qc2+ 60. Kf1 Qd3+ 61. Kf2 Qc2+ 1/2-1/2

[Event "Monday Night Swiss 13Rd 5m+1s Starts at 2240hrs"]
[Site "Infinity Chess"]
[Date "2018.1.30"]
[Round "12"]
[White "MGR"]
[Black "Dovahkiin"]
[Result "1/2-1/2"]
[ECO "C50"]
[WhiteElo "2524"]
[BlackElo "2454"]
[WhiteEngine "asmFishW_2017-08-25_bmi2"]
[BlackEngine "BrainFish_180128_x64_modern_CTG"]
[EventType "Swiss"]
[WhiteTeam ""]
[BlackTeam ""]
[PlyCount "133"]
[TimeControl "300+1"]

1. e4 e5 2. Nf3 Nc6 3. Bc4 Bc5 4. O-O Nf6 5. d3 d6 6. c3 a5 7. Re1 O-O 
8. Nbd2 h6 9. Nf1 a4 10. Ng3 Ra5 11. h3 Be6 12. Bxe6 fxe6 13. Be3 Bxe3 
14. Rxe3 d5 15. Re2 Nd7 16. exd5 exd5 17. d4 e4 18. Nd2 Qg5 19. Kh2 Qf4 
20. Qe1 Nb6 21. f3 exf3 22. Rf2 Qd6 23. Rxf3 Rxf3 24. Nxf3 Ra8 25. Qe2 Rf8 
26. Re1 g6 27. Qf2 Kg7 28. Kg1 a3 29. b3 Nd7 30. Re2 Rf7 31. Re3 Nf8 32. Ne2 Nh7 
33. Qg3 Qxg3 34. Nxg3 Rf8 35. Ne2 Nf6 36. Ne1 g5 37. Nc2 Ra8 38. Kf1 Kf7 
39. Rf3 Kg6 40. g4 Nd8 41. Ke1 Ne6 42. Nb4 Rf8 43. Re3 Re8 44. Nd3 h5 
45. gxh5+ Kxh5 46. Ng3+ Kh6 47. Kd2 Nf4 48. Ne5 Rf8 49. c4 Ng2 50. Rf3 Ne4+ 
51. Nxe4 Rxf3 52. Nxf3 dxe4 53. Ne1 Nxe1 54. Kxe1 Kh5 55. Ke2 Kh4 56. d5 Kxh3 
57. c5 g4 58. d6 cxd6 59. cxd6 g3 60. d7 g2 61. d8=R g1=Q 62. Rh8+ Kg2 
63. Rg8+ Kh2 64. Rxg1 Kxg1 65. Ke3 b6 66. b4 Kf1 67. Kxe4 1/2-1/2

[Event "Monday Night Swiss 13Rd 5m+1s Starts at 2240hrs"]
[Site "Infinity Chess"]
[Date "2018.1.30"]
[Round "12"]
[White "MCDermont"]
[Black "BraveDevil"]
[Result "1-0 "]
[ECO "B96"]
[WhiteElo "2539"]
[BlackElo "2457"]
[WhiteEngine "BrainFish 060118_CTG"]
[BlackEngine "Cryptic AIL V2"]
[EventType "Swiss"]
[WhiteTeam ""]
[BlackTeam ""]
[PlyCount "162"]
[TimeControl "300+1"]

1. e4 c5 2. Nf3 d6 3. d4 cxd4 4. Nxd4 Nf6 5. Nc3 a6 6. Bg5 e6 7. f4 h6 
8. Bh4 Qb6 9. Qd2 Qxb2 10. Rb1 Qa3 11. e5 dxe5 12. fxe5 Nfd7 13. Ne4 Qxa2 
14. Rd1 Qd5 15. Qe3 Qxe5 16. Be2 Bc5 17. Bg3 Bxd4 18. Rxd4 Qa5+ 19. Rd2 O-O 
20. Bd6 Rd8 21. Qg3 Qa1+ 22. Bd1 Nc6 23. O-O f5 24. c3 Qb1 25. Bc2 Qb6+ 
26. Kh1 Nf8 27. Bc7 Qb5 28. Rdf2 Rd7 29. Nd6 Rxd6 30. Bxd6 Nh7 31. Qg6 Bd7 
32. Rb1 Qa5 33. Bb3 Nf8 34. Qxf5 Qxf5 35. Rxf5 Rd8 36. Bc4 b5 37. Ba2 Bc8 
38. Bxf8 Rxf8 39. Rc5 Ne7 40. Kg1 Rd8 41. Rf1 Nd5 42. Re1 Kf7 43. Bxd5 exd5 
44. Rc7+ Kf6 45. Rf1+ Kg6 46. Rff7 Rg8 47. Ra7 Bf5 48. Rfc7 Kg5 49. Rxg7+ Rxg7 
50. Rxg7+ Kf6 51. Ra7 Ke5 52. Rxa6 d4 53. cxd4+ Kxd4 54. Rb6 Kc4 55. g4 Bxg4 
56. Rxh6 Bf5 57. Rc6+ Kd5 58. Rb6 Bd3 59. h4 Ke5 60. h5 Kf5 61. Rd6 Be4 
62. Rd4 Bc2 63. Rd2 Be4 64. Re2 Bd3 65. Re3 Bc2 66. Rg3 b4 67. h6 b3 68. h7 b2 
69. Rf3+ Ke6 70. h8=Q b1=Q+ 71. Rf1 Qb6+ 72. Rf2 Qb1+ 73. Kh2 Bf5 74. Qc8+ Kf6 
75. Qc3+ Ke6 76. Qc4+ Kf6 77. Qd4+ Ke6 78. Rb2 Qxb2+ 79. Qxb2 Kd5 80. Kg3 Bd3 
81. Kf4 Bc4 1-0

[Event "Monday Night Swiss 13Rd 5m+1s Starts at 2240hrs"]
[Site "Infinity Chess"]
[Date "2018.1.30"]
[Round "12"]
[White "KULLANI"]
[Black "Victorious"]
[Result "1/2-1/2"]
[ECO "C50"]
[WhiteElo "2517"]
[BlackElo "2556"]
[WhiteEngine "BrainFish_180124_x64_CTG"]
[BlackEngine "BugChess2.41_Release"]
[EventType "Swiss"]
[WhiteTeam ""]
[BlackTeam ""]
[PlyCount "113"]
[TimeControl "300+1"]

1. e4 e5 2. Nf3 Nc6 3. Bc4 Bc5 4. d3 Nf6 5. c3 d6 6. O-O O-O 7. Bg5 h6 8. Bh4 g5 
9. Bg3 a6 10. a4 Ba7 11. Nbd2 Nh7 12. h3 h5 13. Kh1 Kh8 14. b4 h4 15. Bh2 g4 
16. hxg4 Bxg4 17. b5 Na5 18. bxa6 bxa6 19. d4 Nxc4 20. Nxc4 Rg8 21. Qd3 exd4 
22. cxd4 Ng5 23. Nxh4 Nxe4 24. Qxe4 Qxh4 25. f3 d5 26. Qe1 Qxe1 27. Raxe1 Bxd4 
28. Rd1 Be6 29. Bxc7 Bf6 30. Ne3 Rg5 31. Bb6 Rb8 32. a5 d4 33. Bxd4 Bxd4 
34. Rxd4 Rb3 35. Re4 Rxa5 36. Kh2 Rh5+ 37. Kg3 a5 38. Kf4 Kg7 39. g4 Rhb5 
40. Ra1 Rc5 41. Rd1 Kg8 42. Rd8+ Kg7 43. Ra8 Kg6 44. Ra6 Kg7 45. Ra8 Kg6 
46. Rh8 Rcb5 47. Rg8+ Kh7 48. Ra8 Rc5 49. Ra4 Rcc3 50. Re4 Rb5 51. Ra7 Kh6 
52. Ng2 Rbb3 53. Nh4 Rb5 54. Ng2 Rbb3 55. Ne3 Rc5 56. Ra6 Kg7 57. Ra8 1/2-1/2

[Event "Monday Night Swiss 13Rd 5m+1s Starts at 2240hrs"]
[Site "Infinity Chess"]
[Date "2018.1.30"]
[Round "12"]
[White "star99"]
[Black "MarioDeMonti"]
[Result "1/2-1/2"]
[ECO "C77"]
[WhiteElo "2447"]
[BlackElo "2528"]
[WhiteEngine "Cryptic AIL V2"]
[BlackEngine "stockfish_x64_bmi2_2018_01_23_CTG"]
[EventType "Swiss"]
[WhiteTeam ""]
[BlackTeam ""]
[PlyCount "42"]
[TimeControl "300+1"]

1. e4 e5 2. Nf3 Nc6 3. Bb5 a6 4. Ba4 Nf6 5. O-O Be7 6. Re1 b5 7. Bb3 O-O 
8. a4 b4 9. d4 d6 10. dxe5 Nxe5 11. Nxe5 dxe5 12. Qf3 Bc5 13. h3 h6 14. Nd2 Qe7 
15. Nf1 Bd4 16. Ng3 Be6 17. a5 Rab8 18. Qd3 Qc5 19. Qf3 Qe7 20. Qd3 Qc5 
21. Qf3 Qe7 1/2-1/2

[Event "Monday Night Swiss 13Rd 5m+1s Starts at 2240hrs"]
[Site "Infinity Chess"]
[Date "2018.1.30"]
[Round "11"]
[White "BraveDevil"]
[Black "Coco69"]
[Result "1/2-1/2"]
[ECO "D31"]
[WhiteElo "2456"]
[BlackElo "2489"]
[WhiteEngine "Cryptic AIL V2"]
[BlackEngine "Raubfisch X37b4_CTG"]
[EventType "Swiss"]
[WhiteTeam ""]
[BlackTeam ""]
[PlyCount "47"]
[TimeControl "300+1"]

1. d4 d5 2. c4 e6 3. Nc3 c6 4. e3 Nf6 5. Nf3 Nbd7 6. Qc2 Bd6 7. Bd3 O-O 
8. O-O dxc4 9. Bxc4 b5 10. Bd3 Bb7 11. Ng5 h6 12. Nge4 Be7 13. Nxf6+ Nxf6 
14. Ne4 Nxe4 15. Bxe4 Qb6 16. a3 a5 17. Bd2 b4 18. axb4 axb4 19. Rxa8 Rxa8 
20. Rc1 Rc8 21. Qa4 Ra8 22. Qc2 Rc8 23. Qa4 Ra8 24. Qc2 1/2-1/2

[Event "Monday Night Swiss 13Rd 5m+1s Starts at 2240hrs"]
[Site "Infinity Chess"]
[Date "2018.1.30"]
[Round "11"]
[White "mike"]
[Black "HULK"]
[Result "1/2-1/2"]
[ECO "C65"]
[WhiteElo "2440"]
[BlackElo "2497"]
[WhiteEngine "komodo-11.2.2-64bit"]
[BlackEngine "BrainFish_180124_x64_bmi2_CTG"]
[EventType "Swiss"]
[WhiteTeam ""]
[BlackTeam ""]
[PlyCount "165"]
[TimeControl "300+1"]

1. e4 e5 2. Nf3 Nc6 3. Bb5 Nf6 4. O-O Nxe4 5. d4 Nd6 6. Bxc6 dxc6 7. dxe5 Nf5 
8. Qxd8+ Kxd8 9. Rd1+ Ke8 10. b3 b6 11. c4 Be7 12. Bb2 Bb7 13. Nc3 Rd8 14. g3 h5 
15. Kf1 b5 16. Rxd8+ Kxd8 17. Ne4 bxc4 18. bxc4 c5 19. Nfg5 Kd7 20. Re1 Ba6 
21. Rc1 Rf8 22. Ke2 Kc6 23. Ba1 Bc8 24. Nf3 Be6 25. Neg5 Bc8 26. h4 Bxg5 
27. Nxg5 g6 28. Kf3 Ng7 29. Ke3 Bf5 30. Bc3 Ne6 31. Ne4 Rb8 32. f3 Rb6 
33. Nf6 Ng7 34. g4 Be6 35. Bd2 Ra6 36. Ke4 Bc8 37. Bh6 Ne6 38. gxh5 gxh5 
39. Nxh5 Rxa2 40. Ng3 Kd7 41. Rd1+ Ke8 42. Ke3 Nd4 43. Bg5 Ra3+ 44. Rd3 Rxd3+ 
45. Kxd3 Nxf3 46. Bf6 Kf8 47. Kc3 Bb7 48. Ne2 Be4 49. Nc1 Nd4 50. Bg5 Kg7 
51. Be3 Bf3 52. Bxd4 cxd4+ 53. Kxd4 Kg6 54. Nb3 Bg4 55. Na5 Bf3 56. Nb3 Kf5 
57. Na5 Kf4 58. Nb3 Bg4 59. Na5 Bf3 60. Nb3 Be2 61. Nc1 Bg4 62. Na2 a5 
63. Nc3 c6 64. Na4 Bf3 65. Nc5 Kf5 66. Nb7 a4 67. Nd8 c5+ 68. Kc3 Bh5 
69. e6 fxe6 70. Nb7 Bd1 71. Nxc5 a3 72. Nd7 e5 73. c5 e4 74. c6 Ba4 75. Nb8 Ke6 
76. c7 Bd7 77. Kb3 e3 78. Nc6 Kd6 79. Nd4 Kxc7 80. Kxa3 Kd6 81. Nc2 e2 
82. Kb4 Ke5 83. Kc3 1/2-1/2

[Event "Monday Night Swiss 13Rd 5m+1s Starts at 2240hrs"]
[Site "Infinity Chess"]
[Date "2018.1.30"]
[Round "11"]
[White "Dovahkiin"]
[Black "Eman"]
[Result "1/2-1/2"]
[ECO "C65"]
[WhiteElo "2452"]
[BlackElo "2501"]
[WhiteEngine "BrainFish_180128_x64_modern_CTG"]
[BlackEngine "Eman 1.68c 64-bit POPCNT"]
[EventType "Swiss"]
[WhiteTeam ""]
[BlackTeam ""]
[PlyCount "103"]
[TimeControl "300+1"]

1. e4 e5 2. Nf3 Nc6 3. Bb5 Nf6 4. d3 Bc5 5. Ba4 O-O 6. O-O d6 7. c3 Ne7 
8. Bc2 Ng6 9. d4 Bb6 10. a4 c6 11. Nbd2 exd4 12. cxd4 Re8 13. h3 Ba5 14. Re1 Nh5 
15. Re3 Nhf4 16. Nb3 Bb4 17. Bd2 Bxd2 18. Qxd2 b6 19. Nc1 c5 20. d5 Bd7 
21. Nd3 Qf6 22. Qc3 Qxc3 23. bxc3 a6 24. Nxf4 Nxf4 25. h4 Ng6 26. g3 b5 
27. Ree1 Kf8 28. Ra2 f6 29. Rb1 Reb8 30. Rab2 Re8 31. Ra2 Reb8 32. Nd2 Ne5 
33. f4 Ng4 34. Bd1 h5 35. Rab2 Re8 36. Bxg4 Bxg4 37. axb5 axb5 38. Rxb5 Be2 
39. R5b2 Bd3 40. Re1 Ra3 41. c4 Ra4 42. Kf2 Bxc4 43. Re3 Ba6 44. Rb6 Ra2 
45. Ke1 Ra1+ 46. Kf2 Ra2 47. Ke1 Rd8 48. Rbb3 Ra8 49. Ra3 Bb5 50. Rxa8+ Rxa8 
51. Rb3 Ra1+ 52. Rb1 1/2-1/2

[Event "Monday Night Swiss 13Rd 5m+1s Starts at 2240hrs"]
[Site "Infinity Chess"]
[Date "2018.1.30"]
[Round "11"]
[White "RonWeasley"]
[Black "MGR"]
[Result "1/2-1/2"]
[ECO "C12"]
[WhiteElo "2526"]
[BlackElo "2524"]
[WhiteEngine "BrainFish 060118_CTG"]
[BlackEngine "asmFishW_2017-08-25_bmi2"]
[EventType "Swiss"]
[WhiteTeam ""]
[BlackTeam ""]
[PlyCount "83"]
[TimeControl "300+1"]

1. e4 e6 2. d4 d5 3. Nc3 Nf6 4. Bg5 Bb4 5. e5 h6 6. Bd2 Bxc3 7. bxc3 Ne4 
8. Qg4 Kf8 9. Bd3 Nxd2 10. Kxd2 c5 11. h4 Nc6 12. Qf4 c4 13. Be2 Bd7 14. g4 b5 
15. a3 a5 16. Nf3 Ke7 17. g5 h5 18. Rhb1 Qb6 19. Rb2 Ke8 20. Rab1 Ne7 21. a4 Kf8 
22. Kd1 Ng6 23. Qc1 Ke7 24. axb5 Rhb8 25. Ng1 Nxh4 26. g6 f6 27. Qf4 Nf5 
28. Nf3 Rf8 29. Kd2 a4 30. Qh2 h4 31. exf6+ Rxf6 32. Ne5 a3 33. Ra2 Bxb5 
34. Bg4 Nxd4 35. cxd4 Qxd4+ 36. Ke2 Raf8 37. Nf3 Qxg4 38. Qc7+ Ke8 39. Qb8+ Ke7 
40. Qc7+ Ke8 41. Qb8+ Ke7 42. Qc7+ 1/2-1/2

[Event "Monday Night Swiss 13Rd 5m+1s Starts at 2240hrs"]
[Site "Infinity Chess"]
[Date "2018.1.30"]
[Round "11"]
[White "MCDermont"]
[Black "ocirema"]
[Result "1/2-1/2"]
[ECO "C53"]
[WhiteElo "2541"]
[BlackElo "2494"]
[WhiteEngine "BrainFish 060118_CTG"]
[BlackEngine "stockfish_18012814_x64_modern_CTG"]
[EventType "Swiss"]
[WhiteTeam ""]
[BlackTeam ""]
[PlyCount "87"]
[TimeControl "300+1"]

1. e4 e5 2. Nf3 Nc6 3. Bc4 Bc5 4. c3 Nf6 5. d3 d6 6. Bb3 a5 7. Bg5 h6 8. Bh4 O-O 
9. O-O g5 10. Bg3 g4 11. Nh4 Nh5 12. a4 Qg5 13. Na3 Bd7 14. Re1 Nxg3 
15. hxg3 Qf6 16. Rf1 h5 17. Kh2 Rad8 18. Nc2 Be6 19. Bd5 Bb6 20. Ne3 Ne7 
21. Qb3 Bc8 22. Nc4 Bc5 23. f4 gxf3 24. Rxf3 Qg7 25. Nxa5 Bg4 26. Raf1 Bxf3 
27. Rxf3 Rb8 28. Nxb7 c6 29. Bc4 Ba7 30. a5 Kh7 31. Ba6 f5 32. Qe6 fxe4 
33. dxe4 Rxf3 34. Nxf3 Rg8 35. Qh3 Qg6 36. Bc4 d5 37. exd5 cxd5 38. Nxe5 Qf6 
39. Qxh5+ Kg7 40. Qg4+ Kh8 41. Qh5+ Kg7 42. Qg4+ Kh8 43. Qh3+ Kg7 44. Qg4+ 
1/2-1/2

[Event "Monday Night Swiss 13Rd 5m+1s Starts at 2240hrs"]
[Site "Infinity Chess"]
[Date "2018.1.30"]
[Round "11"]
[White "Victorious"]
[Black "MarioDeMonti"]
[Result "1/2-1/2"]
[ECO "B90"]
[WhiteElo "2557"]
[BlackElo "2527"]
[WhiteEngine "BugChess2.41_Release"]
[BlackEngine "stockfish_x64_bmi2_2018_01_23_CTG"]
[EventType "Swiss"]
[WhiteTeam ""]
[BlackTeam ""]
[PlyCount "76"]
[TimeControl "300+1"]

1. e4 c5 2. Nf3 d6 3. d4 cxd4 4. Nxd4 Nf6 5. Nc3 a6 6. Be3 e5 7. Nb3 Be6 
8. Nd5 Nbd7 9. Qd3 Nxd5 10. exd5 Bg4 11. f3 Bh5 12. Qd2 Bg6 13. h4 h6 14. h5 Bh7 
15. Bd3 Bxd3 16. Qxd3 Be7 17. O-O-O Bg5 18. Nd2 Rc8 19. Kb1 Bxe3 20. Qxe3 b5 
21. g4 O-O 22. Ne4 Nc5 23. Ng3 a5 24. Rhg1 b4 25. f4 Re8 26. Nf5 exf4 
27. Qxf4 Ne4 28. Rd4 Qb6 29. Rf1 Nc3+ 30. Ka1 Ne2 31. Nxh6+ Kh8 32. Nxf7+ Kg8 
33. Nh6+ Kh8 34. Qg5 Qxd4 35. Nf7+ Kg8 36. Nh6+ Kh8 37. Nf7+ Kg8 38. Nh6+ Kh8 
1/2-1/2

[Event "Monday Night Swiss 13Rd 5m+1s Starts at 2240hrs"]
[Site "Infinity Chess"]
[Date "2018.1.30"]
[Round "10"]
[White "mike"]
[Black "BraveDevil"]
[Result "1/2-1/2"]
[ECO "B52"]
[WhiteElo "2439"]
[BlackElo "2457"]
[WhiteEngine "komodo-11.2.2-64bit"]
[BlackEngine "Cryptic AIL V2"]
[EventType "Swiss"]
[WhiteTeam ""]
[BlackTeam ""]
[PlyCount "127"]
[TimeControl "300+1"]

1. e4 c5 2. Nf3 d6 3. Bb5+ Bd7 4. Bxd7+ Qxd7 5. O-O Nc6 6. c3 Nf6 7. d4 Nxe4 
8. d5 Ne5 9. Re1 Nxf3+ 10. Qxf3 Nf6 11. c4 e6 12. dxe6 fxe6 13. Nc3 Be7 
14. Bg5 Rd8 15. Rad1 O-O 16. Qe2 e5 17. Bxf6 Bxf6 18. Ne4 Qe6 19. Rd5 b6 
20. Red1 Be7 21. b3 Rf4 22. h3 Rh4 23. f3 Rf4 24. a3 a5 25. Qe3 h5 26. R5d3 a4 
27. Qe2 g5 28. Nc3 axb3 29. Nd5 Rxc4 30. Rxb3 Rd4 31. Rxd4 cxd4 32. Qe4 Rd7 
33. Rb4 Bd8 34. Rxd4 g4 35. hxg4 hxg4 36. fxg4 b5 37. Rd3 Rg7 38. Nc3 Rxg4 
39. Qc6 Bh4 40. Rxd6 Qf5 41. Qe8+ Kh7 42. Qd7+ Qxd7 43. Rxd7+ Kg6 44. Nxb5 Kf5 
45. Rd3 Ke4 46. Rb3 Kf5 47. Rf3+ Ke6 48. Kf1 Rc4 49. g3 Be7 50. Ke2 Rc2+ 
51. Kd3 Rc1 52. Re3 Bc5 53. Re2 Ra1 54. Re4 Rg1 55. a4 Rxg3+ 56. Kc4 Bf2 
57. a5 Rg1 58. Re2 Rc1+ 59. Kd3 Rd1+ 60. Rd2 Rxd2+ 61. Kxd2 Kd7 62. Kd3 Kc6 
63. Nc3 Bd4 64. a6 1/2-1/2

[Event "Monday Night Swiss 13Rd 5m+1s Starts at 2240hrs"]
[Site "Infinity Chess"]
[Date "2018.1.30"]
[Round "10"]
[White "HULK"]
[Black "star99"]
[Result "1/2-1/2"]
[ECO "B90"]
[WhiteElo "2499"]
[BlackElo "2445"]
[WhiteEngine "BrainFish_180124_x64_bmi2_CTG"]
[BlackEngine "Cryptic AIL V2"]
[EventType "Swiss"]
[WhiteTeam ""]
[BlackTeam ""]
[PlyCount "177"]
[TimeControl "300+1"]

1. e4 c5 2. Nf3 d6 3. d4 cxd4 4. Nxd4 Nf6 5. Nc3 a6 6. Be3 e5 7. Nb3 Be7 
8. Be2 Be6 9. Qd3 Nc6 10. a3 O-O 11. O-O Rc8 12. Nd5 Nd7 13. g3 f5 14. Rad1 fxe4 
15. Qxe4 Bf5 16. Nxe7+ Qxe7 17. Qd5+ Rf7 18. Qxd6 Nd4 19. Rxd4 exd4 
20. Qxe7 Rxe7 21. Nxd4 Bh3 22. Re1 Rce8 23. a4 h6 24. c3 Ne5 25. a5 Bg4 
26. Bf1 Bh5 27. Rc1 Bg6 28. b3 Be4 29. h3 Rc8 30. Kh2 h5 31. Be2 g6 32. Bd2 Nd3 
33. Bxd3 Bxd3 34. g4 Bb5 35. Kg3 Bd7 36. Rd1 Re5 37. b4 Re4 38. f3 Ree8 
39. gxh5 gxh5 40. h4 Rc4 41. Rh1 Kf7 42. Rd1 Rg8+ 43. Bg5 Re8 44. Rd2 Rf8 
45. Rd3 Rg8 46. Ne2 Bb5 47. Rd1 Rc7 48. Nf4 Rxc3 49. Rd6 Rg7 50. Nxh5 Rg6 
51. Rd5 Bc6 52. Rf5+ Ke6 53. Kg4 Rg8 54. Ng3 Rc4+ 55. f4 Bd7 56. Kh5 Be8+ 
57. Kh6 Rc7 58. Re5+ Kf7 59. Rf5+ Ke6 60. Re5+ Kf7 61. Kh5 Rh8+ 62. Kg4 Bd7+ 
63. f5 Rc4+ 64. Kh3 Kg8 65. Nf1 Rxb4 66. Ne3 Rb5 67. Nd5 Kf8 68. Kg4 Bc6 
69. Ne7 Rxe5 70. Ng6+ Kg8 71. Nxe5 Be8 72. Bf4 Bh5+ 73. Kg5 Be2 74. Nd7 Kf7 
75. Ne5+ Kg8 76. f6 Bd1 77. Bd2 Bh5 78. Ng6 Rh7 79. Be3 Kf7 80. Ne5+ Ke6 
81. Ng6 Kf7 82. Ne5+ Ke6 83. Ng6 Bxg6 84. Kxg6 Rf7 85. Bg5 Rf8 86. Kg7 Rf7+ 
87. Kg6 Rf8 88. Kg7 Rf7+ 89. Kg6 1/2-1/2

[Event "Monday Night Swiss 13Rd 5m+1s Starts at 2240hrs"]
[Site "Infinity Chess"]
[Date "2018.1.30"]
[Round "10"]
[White "Coco69"]
[Black "Dovahkiin"]
[Result "0-1"]
[ECO "C50"]
[WhiteElo "2508"]
[BlackElo "2433"]
[WhiteEngine "Raubfisch X37b4_CTG"]
[BlackEngine "BrainFish_180128_x64_modern_CTG"]
[EventType "Swiss"]
[WhiteTeam ""]
[BlackTeam ""]
[PlyCount "194"]
[TimeControl "300+1"]

1. e4 e5 2. Nf3 Nc6 3. Bc4 Bc5 4. O-O Nf6 5. d3 d6 6. c3 a5 7. Bb3 O-O 8. Bg5 h6 
9. Bh4 g5 10. Bg3 g4 11. Nh4 Nh5 12. Kh1 Qg5 13. a4 Bd7 14. Na3 Rad8 15. Nb5 Bb6 
16. Na3 Kg7 17. Bc2 Bc8 18. Nc4 Bc5 19. Nd2 Kh8 20. Rb1 Ba7 21. Ra1 Ne7 
22. Nb3 Bb6 23. d4 Ng6 24. Nf5 d5 25. f3 dxe4 26. fxe4 Nxg3+ 27. Nxg3 Nf4 
28. d5 h5 29. Qd2 f6 30. c4 h4 31. Ne2 Nxe2 32. Qxe2 Be3 33. Nxa5 Rg8 
34. Rae1 Bf4 35. Nb3 b6 36. Nc1 Bxc1 37. Rxc1 g3 38. Rce1 h3 39. Rf3 Bg4 
40. Rxg3 Bxe2 41. Rxg5 hxg2+ 42. Kg1 Rxg5 43. Rxe2 Rdg8 44. Re3 Rh5 45. Re1 Rh3 
46. Rd1 Re3 47. Kf2 Rh3 48. Kg1 Kh7 49. a5 bxa5 50. c5 Kg6 51. d6 cxd6 
52. cxd6 Kf7 53. Bd3 Rb8 54. Bc4+ Ke8 55. b3 Rh4 56. Ra1 Rxe4 57. Rxa5 Kd7 
58. Kxg2 Rg4+ 59. Kf3 Rf4+ 60. Ke3 Kxd6 61. Ra6+ Kc5 62. h4 Rh8 63. Kd3 Rhxh4 
64. Ra5+ Kb6 65. Rb5+ Kc7 66. Kc3 Rh3+ 67. Kb4 e4 68. Ra5 e3 69. Kc3 e2+ 
70. Kd2 Re4 71. Ra1 e1=Q+ 72. Rxe1 Rxe1 73. Kxe1 Kd6 74. Kf2 Ke5 75. Kg2 Rc3 
76. Kf2 Ke4 77. Ke2 Rc2+ 78. Kd1 Rh2 79. Bf7 f5 80. Bg6 Rg2 81. Be8 Rf2 
82. Bg6 Ke3 83. Be8 f4 84. Bc6 f3 85. Kc1 Ra2 86. Kb1 f2 87. Bg2 Rd2 88. b4 Kd3 
89. Bf1+ Kc3 90. Bg2 f1=Q+ 91. Bxf1 Rd1+ 92. Ka2 Rxf1 93. b5 Rf5 94. b6 Rb5 
95. b7 Rxb7 96. Ka1 Kc2 97. Ka2 Ra7# 0-1

[Event "Monday Night Swiss 13Rd 5m+1s Starts at 2240hrs"]
[Site "Infinity Chess"]
[Date "2018.1.30"]
[Round "10"]
[White "Eman"]
[Black "MGR"]
[Result "1/2-1/2"]
[ECO "A46"]
[WhiteElo "2500"]
[BlackElo "2525"]
[WhiteEngine "Eman 1.68c 64-bit POPCNT"]
[BlackEngine "asmFishW_2017-08-25_bmi2"]
[EventType "Swiss"]
[WhiteTeam ""]
[BlackTeam ""]
[PlyCount "107"]
[TimeControl "300+1"]

1. d4 Nf6 2. Nf3 d5 3. c4 c6 4. e3 Bf5 5. Nc3 e6 6. Nh4 Be4 7. f3 Bg6 
8. Nxg6 hxg6 9. Qb3 Qc7 10. Bd2 Be7 11. cxd5 cxd5 12. Bd3 Nc6 13. O-O-O a6 
14. Kb1 O-O 15. g4 Rfc8 16. h4 Na5 17. Qc2 b5 18. h5 g5 19. h6 Nc6 20. Ne2 Nb4 
21. Qxc7 Rxc7 22. Nc1 Nxd3 23. Nxd3 a5 24. hxg7 Kxg7 25. Rc1 Rxc1+ 26. Rxc1 Ne8 
27. b3 b4 28. Rc6 Nd6 29. Kc2 Rc8 30. Ne5 Bd8 31. e4 f6 32. Kd3 Rxc6 
33. Nxc6 Nb7 34. exd5 exd5 35. Bxb4 axb4 36. Nxb4 Kf7 37. Nxd5 Ke6 38. Nc3 Ba5 
39. Ne4 Nd6 40. Nc5+ Kd5 41. Ne4 Ke6 42. a3 Nb5 43. b4 Bb6 44. d5+ Kxd5 
45. a4 Nd4 46. Nxf6+ Ke6 47. a5 Ba7 48. Ne4 Nxf3 49. b5 Ne5+ 50. Ke2 Nxg4 
51. Nxg5+ Kd7 52. b6 Bxb6 53. axb6 Kc6 54. b7 1/2-1/2

[Event "Monday Night Swiss 13Rd 5m+1s Starts at 2240hrs"]
[Site "Infinity Chess"]
[Date "2018.1.30"]
[Round "10"]
[White "SkyPilot"]
[Black "MCDermont"]
[Result "1/2-1/2"]
[ECO "C11"]
[WhiteElo "2461"]
[BlackElo "2544"]
[WhiteEngine "stockfish_x64_bmi2_2018_01_23_CTG"]
[BlackEngine "BrainFish 060118_CTG"]
[EventType "Swiss"]
[WhiteTeam ""]
[BlackTeam ""]
[PlyCount "81"]
[TimeControl "300+1"]

1. e4 e6 2. d4 d5 3. Nc3 Nf6 4. e5 Nfd7 5. f4 c5 6. Nf3 Nc6 7. Be3 cxd4 
8. Nxd4 Qb6 9. a3 Bc5 10. Ncb5 a6 11. Nxc6 axb5 12. Bxc5 Nxc5 13. Nd4 Bd7 
14. Be2 O-O 15. c3 f6 16. exf6 Rxf6 17. g3 g5 18. Qd2 gxf4 19. gxf4 Qd6 
20. Rf1 Ne4 21. Qe3 Raf8 22. O-O-O Rxf4 23. Rxf4 Qxf4 24. Rg1+ Kh8 25. Qxf4 Rxf4 
26. Bxb5 Bxb5 27. Nxb5 Rf3 28. Rg2 h5 29. Nc7 Nc5 30. Kd1 Rf7 31. Nb5 Ne4 
32. Nd4 e5 33. Ne6 Rf6 34. Nc7 d4 35. cxd4 exd4 36. Ke2 Rd6 37. Kd3 Nc5+ 
38. Kd2 Ne4+ 39. Kd3 Nc5+ 40. Kd2 Ne4+ 41. Kd3 1/2-1/2

[Event "Monday Night Swiss 13Rd 5m+1s Starts at 2240hrs"]
[Site "Infinity Chess"]
[Date "2018.1.30"]
[Round "10"]
[White "KULLANI"]
[Black "RonWeasley"]
[Result "1/2-1/2"]
[ECO "C11"]
[WhiteElo "2502"]
[BlackElo "2527"]
[WhiteEngine "BrainFish_180124_x64_CTG"]
[BlackEngine "BrainFish 060118_CTG"]
[EventType "Swiss"]
[WhiteTeam ""]
[BlackTeam ""]
[PlyCount "161"]
[TimeControl "300+1"]

1. e4 e6 2. d4 d5 3. Nc3 Nf6 4. e5 Nfd7 5. f4 c5 6. Nf3 Nc6 7. Be3 cxd4 
8. Nxd4 Qb6 9. Qd2 Qxb2 10. Rb1 Qa3 11. Bb5 Nxd4 12. Bxd4 a6 13. Bxd7+ Bxd7 
14. Rb3 Qe7 15. Rxb7 Rc8 16. O-O Qd8 17. f5 exf5 18. Rfb1 Qa5 19. Qe3 Be6 
20. R1b6 Bc5 21. Bxc5 Rxc5 22. Rb8+ Bc8 23. Nxd5 Rc4 24. Nf6+ Ke7 25. Nh5 f4 
26. Nxf4 Re8 27. e6 Qc5 28. Qxc5+ Rxc5 29. Ra8 Kf6 30. exf7+ Kxf7 31. Ra7+ Re7 
32. Rxe7+ Kxe7 33. Rb2 Bf5 34. Rb7+ Kf6 35. Nh5+ Kg5 36. Nxg7 Bc8 37. c3 Rxc3 
38. Rb2 a5 39. h3 Ra3 40. Rc2 Bd7 41. Rc7 Rd3 42. Rc5+ Kg6 43. Nh5 Ra3 
44. Nf4+ Kf7 45. Rd5 Bc6 46. Rf5+ Kg7 47. Ne6+ Kg6 48. Rf2 Be4 49. Nf4+ Kg7 
50. h4 Kf6 51. Nd3+ Kg7 52. Nc1 Kg6 53. Rd2 Kh5 54. Kf2 Bb1 55. g3 a4 
56. Rd5+ Kg4 57. Rd4+ Kh5 58. Rd2 Be4 59. Rd4 Bf5 60. Rd6 Kg4 61. Rd4+ Kh5 
62. Rf4 Be6 63. Rf6 Bxa2 64. Nxa2 Rxa2+ 65. Kf3 Ra1 66. Rf5+ Kg6 67. Rg5+ Kf6 
68. Ra5 a3 69. Ra7 a2 70. Ra6+ Ke5 71. Kg4 Kd5 72. Kg5 Ke5 73. Kg4 Kd5 
74. Kg5 Kc4 75. Ra7 h6+ 76. Kxh6 Kb3 77. Rb7+ Kc2 78. Ra7 Kb3 79. Rb7+ Kc2 
80. Rc7+ Kb3 81. Rb7+ 1/2-1/2

[Event "Monday Night Swiss 13Rd 5m+1s Starts at 2240hrs"]
[Site "Infinity Chess"]
[Date "2018.1.30"]
[Round "10"]
[White "MarioDeMonti"]
[Black "ocirema"]
[Result "1/2-1/2"]
[ECO "C53"]
[WhiteElo "2528"]
[BlackElo "2493"]
[WhiteEngine "stockfish_x64_bmi2_2018_01_23_CTG"]
[BlackEngine "stockfish_18012814_x64_modern_CTG"]
[EventType "Swiss"]
[WhiteTeam ""]
[BlackTeam ""]
[PlyCount "92"]
[TimeControl "300+1"]

1. e4 e5 2. Nf3 Nc6 3. Bc4 Bc5 4. c3 Nf6 5. d3 a5 6. O-O d6 7. Re1 h6 8. h3 O-O 
9. Nbd2 Be6 10. a4 Ba7 11. b3 d5 12. exd5 Nxd5 13. Ne4 Re8 14. Bd2 Nf6 
15. Qe2 Qe7 16. Bb5 Bxb3 17. c4 Nxe4 18. Qxe4 Rad8 19. Bxc6 bxc6 20. Qxe5 Qxe5 
21. Nxe5 Bb6 22. Nxc6 Rxe1+ 23. Bxe1 Rxd3 24. Bxa5 Bxa5 25. Nxa5 Rd1+ 
26. Rxd1 Bxd1 27. Nb7 Bxa4 28. Nc5 Bc2 29. Kf1 Kf8 30. Ke2 Ke7 31. Ke3 Kd6 
32. Kd4 h5 33. h4 c6 34. f3 f6 35. Ne4+ Bxe4 36. c5+ Ke7 37. Kxe4 Ke6 38. g3 f5+ 
39. Kd4 f4 40. g4 g5 41. Ke4 hxg4 42. fxg4 f3 43. Kxf3 gxh4 44. Kg2 Kf6 
45. Kh2 Kg6 46. Kg2 Kf6 1/2-1/2